 Dungeon Crawl Stone Soup version 0.28-a0-941-g140ffa10cf (webtiles) character file.

Game seed: 7510494376813001362

5650 Crownlay the Frost Mage (level 10, -5/74 HPs)
             Began as a Gnoll Ice Elementalist on Nov 28, 2021.
             Was the Champion of Uskayaw.
             Slain by a death knight (20 damage)
             ... on level 9 of the Dungeon on Nov 29, 2021.
             The game lasted 00:17:28 (11350 turns).

Crownlay the Frost Mage (Gnoll Ice Elementalist)   Turns: 11350, Time: 00:17:28

Health: -5/74      AC: 11    Str:  9    XL:     10   Next: 74%
Magic:  21/30      EV: 14    Int: 17    God:    Uskayaw [******]
Gold:   527        SH:  5    Dex: 12    Spells: 13/24 levels left

rFire   . . .      SeeInvis .   v - staff of cold
rCold   + + +      Faith    .   (no shield)
rNeg    . . .      Spirit   .   a - +0 robe
rPois   +          Reflect  +   (no helmet)
rElec   .          Harm     .   A - scarf {repulsion}
rCorr   .          Rampage  .   (no gloves)
Will    .....                   (no boots)
Stlth   +++.......              o - amulet of reflection
HPRegen 0.22/turn               p - ring "Nobe" {rPois rC++}
MPRegen 0.22/turn               f - ring of magical power

@: ice-armoured, freezing walls, repel missiles
A: fangs 1, strong nose, distributed training
a: Renounce Religion, Stomp, Line Pass, Grand Finale


You were on level 9 of the Dungeon.
You worshipped Uskayaw.
Uskayaw was noncommittal.
You visited 2 branches of the dungeon, and saw 10 of its levels.

You collected 527 gold pieces.

Inventory:

Hand Weapons
 E - a +0 spear
Missiles
 t - 2 throwing nets
Armour
 a - a +0 robe (worn)
 A - a scarf of repulsion (worn)
Magical Staves
 v - a staff of cold (weapon)
Jewellery
 f - a ring of magical power (right hand)
 o - an amulet of reflection (around neck)
 p - the ring "Nobe" (left hand) {rPois rC++}
   (You acquired it on level 2 of the Dungeon)

   [ring of poison resistance]

   rC:        It greatly protects you from cold.
   rPois:     It protects you from poison.
 w - a +6 ring of dexterity
 y - a ring of resist corrosion
Wands
 n - a wand of polymorph (17)
 x - a wand of iceblast (10)
 D - a wand of flame (28)
Scrolls
 b - a scroll of amnesia {unknown}
 c - 2 scrolls of blinking
 e - 3 scrolls of fear
 h - a scroll of teleportation {unknown}
 j - a scroll of magic mapping {unknown}
 k - a scroll of brand weapon {unknown}
 l - a scroll of acquirement
 s - a scroll of enchant weapon {unknown}
 B - a scroll of fog {unknown}
Potions
 d - 2 potions of mutation
 g - a potion of invisibility
 i - 2 potions of flight
 m - a potion of cancellation {unknown}
 q - a potion of haste {unknown}
 r - 2 potions of lignification
 u - 4 potions of curing
 z - a potion of heal wounds
 C - a potion of attraction


   Skills:
 + Level 5.5 Fighting
 + Level 5.5 Short Blades
 + Level 5.5 Long Blades
 + Level 5.5 Axes
 + Level 5.5 Maces & Flails
 + Level 5.5 Polearms
 + Level 5.5 Staves
 + Level 5.5 Slings
 + Level 5.5 Bows
 + Level 5.5 Crossbows
 + Level 5.5 Throwing
 + Level 5.5 Armour
 + Level 7.3 Dodging
 + Level 7.0 Stealth
 + Level 5.5 Shields
 + Level 5.5 Unarmed Combat
 + Level 7.6 Spellcasting
 + Level 4.6 Conjurations
 + Level 4.6 Hexes
 + Level 4.6 Summonings
 + Level 4.6 Necromancy
 + Level 4.6 Translocations
 + Level 4.6 Transmutations
 + Level 4.6 Fire Magic
 + Level 8.6 Ice Magic
 + Level 4.6 Air Magic
 + Level 4.6 Earth Magic
 + Level 4.6 Poison Magic
 + Level 6.1 Invocations
 + Level 5.5 Evocations


You had 13 spell levels left.
You knew the following spells:

 Your Spells              Type           Power      Damage    Failure   Level
a - Freeze                Ice            100%       1d11      1%          1
b - Frozen Ramparts       Ice            100%       1d12      1%          3
c - Ozocubu's Armour      Ice            52%        N/A       1%          3
d - Hailstorm             Conj/Ice       43%        3d10      7%          4

Your spell library contained the following spells:

 Spells                   Type           Power      Damage    Failure   Level
 Shock                    Conj/Air       88%        1d8       1%          1
 Corpse Rot               Necr/Air       44%        N/A       2%          2
 Conjure Flame            Conj/Fire      22%        6-21      4%          3
 Ignite Poison            Fire/Tmut/Pois 22%        N/A       4%          3
 Swiftness                Air            22%        N/A       4%          3
 Tukima's Dance           Hex            22%        N/A       4%          3
 Airstrike                Air            11%        N/A       16%         4
 Dispel Undead            Necr           22%        3d12      16%         4
 Passage of Golubria      Tloc           22%        N/A       16%         4
 Sticky Flame             Conj/Fire      22%        2d4       16%         4
 Yara's Violent Unravell  Hex/Tmut       11%        3d6       41%         5
 Death Channel            Necr           11%        N/A       94%         6


Dungeon Overview and Level Annotations

Branches:
Dungeon (9/15)             Temple (1/1) D:7            Lair (0/6) D:8
    Orc: D:9-12

Altars:
Cheibriados
Dithmenos
Elyvilon
Hepliaklqana
Kikubaaqudgha
Makhleb
Nemelex Xobeh
Okawaru
Qazlal
Ru
Uskayaw
Vehumet
Wu Jian
Yredelemnul

Annotations:
D:5 2 runed translucent doors, Hipnos's ghost, novice DjIE


Innate Abilities, Weirdness & Mutations

You have very sharp teeth.
Your uncanny sense of smell can sniff out nearby items.
Your experience applies equally to all skills.


Message History

The death knight is moderately wounded.
The wall freezes the death knight.
The death knight misses you.
You hit the death knight but do no damage.
You freeze the death knight.
The death knight is heavily wounded.
The wall freezes the death knight.
The death knight calls down the wrath of Yredelemnul upon you.
You struggle to resist.
You hit the death knight but do no damage.
The death knight is heavily wounded.
The wall freezes the death knight.
The death knight offers itself to Yredelemnul, and fills with unholy energy.
You hit the death knight but do no damage.
You freeze the death knight!
The death knight is heavily wounded.
The death knight reflects your damage back at you!
You hit the death knight but do no damage.
You freeze the death knight!
The death knight is severely wounded.
The death knight reflects your damage back at you!
The wall freezes the death knight.
The death knight calls down the wrath of Yredelemnul upon you.
Your body is wracked with pain!
The death knight reflects your damage back at you!
* * * LOW HITPOINT WARNING * * *
You hear a bellow!
You are too injured to fight recklessly!
Casting: Ozocubu's Armour (safe; 1% risk of failure)
Confirm with . or Enter, or press ? or * to list all spells.
Aiming: Freeze (safe; 1% risk of failure)
Press: ? - help, Shift-Dir - straight line, f - death knight
Aim: a death knight, wielding a +4 great mace and wearing a +0 plate armour (severely wounded, reflecting injuries)
You feel a surge of power!
You freeze the death knight!
The death knight is almost dead.
The death knight reflects your damage back at you!
* * * LOW HITPOINT WARNING * * *
You hear a shout!
The wall freezes the death knight.
The death knight hits you with a +4 great mace!!
You die...

###### ######
#@...###
#.....
#...p###...##
#.####
#..###)
###..## #.#
## ##..# #.#
##.####.# # ∆
∆ #......####
##........)
#.####.#.# ∆
#.# #.###.


You could see a death knight (reflects damage).

Vanquished Creatures
  A two-headed ogre (D:8)
  Pikel (D:9)
  Joseph (D:8)
  A kobold demonologist (D:6)
  A troll (D:8)
  A hornet (D:8)
  Menkaure (D:7)
  2 wargs (D:8)
  2 acid dragons
  4 orc warriors
  A black bear (D:5)
  A sky beast (D:6)
  An ogre (D:4)
  3 centaurs
  3 lemures (D:9)
  A phantom (D:6)
  3 kobold brigands (D:6)
  3 bullfrogs
  2 gnoll sergeants
  A water moccasin skeleton (D:6)
  9 killer bees
  2 howler monkeys (D:8)
  4 hounds
  A centaur zombie (D:6)
  An orc priest (D:7)
  2 iguanas
  3 jellies
  A gnoll shaman (D:9)
  Crazy Yiuf (D:2)
  Jessica (D:2)
  2 bullfrog skeletons
  9 orc wizards
  16 gnolls
  5 adders
  3 shadow imps
  A white imp (D:6)
  2 ufetubi
  An adder skeleton (D:4)
  3 worms
  4 dart slugs
  24 orcs
  3 ball pythons
  6 bats
  7 endoplasms
  3 giant cockroaches
  7 goblins
  9 hobgoblins
  7 jackals
  4 quokkas
  2 frilled lizards
  5 kobolds
  A quokka skeleton (D:3)
  5 rats
188 creatures vanquished.

Vanquished Creatures (others)
  3 plants (D:8)
3 creatures vanquished.

Grand Total: 191 creatures vanquished

Notes
Turn   | Place    | Note
-------+----------+-------------------------------------------
     0 | D:1      | Crownlay the Gnoll Ice Elementalist began the quest for the
                  | Orb.
     0 | D:1      | Reached XP level 1. HP: 13/13 MP: 6/6
    32 | D:1      | Upgraded the game from 0.28-a0-938-gbc3f381ebc to
                  | 0.28-a0-941-g140ffa10cf
   109 | D:1      | Reached XP level 2. HP: 13/19 MP: 2/7
   818 | D:1      | Found a faded altar of an unknown god.
   870 | D:2      | Reached XP level 3. HP: 24/25 MP: 7/9
   872 | D:2      | Reached skill level 5 in Spellcasting
   877 | D:2      | Learned a level 3 spell: Frozen Ramparts
   881 | D:2      | Learned a level 3 spell: Ozocubu's Armour
  1135 | D:2      | Found a runed translucent door.
  1136 | D:2      | Noticed Crazy Yiuf
  1542 | D:2      | Reached skill level 1 in Invocations
  1824 | D:2      | Noticed Jessica
  1828 | D:2      | Killed Jessica
  1829 | D:2      | Reached skill level 1 in Fighting
  1829 | D:2      | Reached skill level 1 in Short Blades
  1829 | D:2      | Reached skill level 1 in Long Blades
  1829 | D:2      | Reached skill level 1 in Axes
  1829 | D:2      | Reached skill level 1 in Maces & Flails
  1829 | D:2      | Reached skill level 1 in Polearms
  1829 | D:2      | Reached skill level 1 in Staves
  1829 | D:2      | Reached skill level 1 in Slings
  1829 | D:2      | Reached skill level 1 in Bows
  1829 | D:2      | Reached skill level 1 in Crossbows
  1829 | D:2      | Reached skill level 1 in Throwing
  1829 | D:2      | Reached skill level 1 in Armour
  1829 | D:2      | Reached skill level 1 in Shields
  1829 | D:2      | Reached skill level 1 in Unarmed Combat
  1829 | D:2      | Reached skill level 1 in Evocations
  1829 | D:2      | Reached XP level 4. HP: 8/32 MP: 2/11
  2144 | D:2      | Killed Crazy Yiuf
  2145 | D:2      | Reached skill level 1 in Conjurations
  2145 | D:2      | Reached skill level 1 in Hexes
  2145 | D:2      | Reached skill level 1 in Summonings
  2145 | D:2      | Reached skill level 1 in Necromancy
  2145 | D:2      | Reached skill level 1 in Translocations
  2145 | D:2      | Reached skill level 1 in Transmutations
  2145 | D:2      | Reached skill level 1 in Fire Magic
  2145 | D:2      | Reached skill level 1 in Air Magic
  2145 | D:2      | Reached skill level 1 in Earth Magic
  2145 | D:2      | Reached skill level 1 in Poison Magic
  2189 | D:2      | Identified 3 scrolls of acquirement
  2189 | D:2      | Acquired the ring "Nobe" {rPois rC++}
  2424 | D:3      | Reached XP level 5. HP: 37/37 MP: 4/12
  2792 | D:3      | Reached XP level 6. HP: 8/44 MP: 6/13
  3784 | D:4      | Reached skill level 5 in Dodging
  4064 | D:4      | Learned a level 4 spell: Hailstorm
  4180 | D:4      | Reached XP level 7. HP: 35/50 MP: 7/15
  4304 | D:4      | Found a basalt altar of Yredelemnul.
  4661 | D:5      | Entered Level 5 of the Dungeon
  4856 | D:5      | Found a snail-covered altar of Cheibriados.
  5277 | D:5      | Reached skill level 5 in Stealth
  5710 | D:5      | Found a large runed translucent door.
  5710 | D:5      | Found a large runed translucent door.
  5723 | D:5      | Reached XP level 8. HP: 51/57 MP: 16/16
  5756 | D:5      | Noticed Hipnos's ghost (novice DjIE)
  6391 | D:6      | Noticed a kobold demonologist
  6404 | D:6      | Killed a kobold demonologist
  7147 | D:6      | Reached XP level 9. HP: 27/65 MP: 18/18
  7466 | D:6      | Acquired a staff of cold
  8036 | D:7      | Found a hazy altar of Hepliaklqana.
  8193 | D:7      | Found a staircase to the Ecumenical Temple.
  8234 | Temple   | Entered the Ecumenical Temple
  8272 | Temple   | Became a worshipper of Uskayaw the Reveller
  8343 | D:7      | Reached * piety under Uskayaw
  8345 | D:7      | Reached ** piety under Uskayaw
  8572 | D:7      | Noticed Menkaure
  8582 | D:7      | Killed Menkaure
  8583 | D:7      | Reached skill level 8 in Ice Magic
  9208 | D:8      | Noticed a hornet
  9214 | D:8      | Reached *** piety under Uskayaw
  9215 | D:8      | Killed a hornet
  9215 | D:8      | Reached **** piety under Uskayaw
  9677 | D:8      | Noticed Joseph
  9678 | D:8      | Noticed a troll
  9685 | D:8      | Killed a troll
  9686 | D:8      | Reached skill level 5 in Invocations
  9686 | D:8      | Killed Joseph
  9687 | D:8      | Reached XP level 10. HP: 73/73 MP: 7/20
  9688 | D:8      | Reached ***** piety under Uskayaw
 10227 | D:8      | Noticed a two-headed ogre
 10240 | D:8      | Killed a two-headed ogre
 10241 | D:8      | Reached skill level 5 in Fighting
 10241 | D:8      | Reached skill level 5 in Short Blades
 10241 | D:8      | Reached skill level 5 in Long Blades
 10241 | D:8      | Reached skill level 5 in Axes
 10241 | D:8      | Reached skill level 5 in Maces & Flails
 10241 | D:8      | Reached skill level 5 in Polearms
 10241 | D:8      | Reached skill level 5 in Staves
 10241 | D:8      | Reached skill level 5 in Slings
 10241 | D:8      | Reached skill level 5 in Bows
 10241 | D:8      | Reached skill level 5 in Crossbows
 10241 | D:8      | Reached skill level 5 in Throwing
 10241 | D:8      | Reached skill level 5 in Armour
 10241 | D:8      | Reached skill level 5 in Shields
 10241 | D:8      | Reached skill level 5 in Unarmed Combat
 10241 | D:8      | Reached skill level 5 in Evocations
 10460 | D:8      | Found a staircase to the Lair.
 11198 | D:9      | Noticed Pikel
 11210 | D:9      | Killed Pikel
 11339 | D:9      | Noticed a death knight
 11349 | D:9      | Reached ****** piety under Uskayaw
 11350 | D:9      | Slain by a death knight

Illustrated notes

Levels and vault maps discovered:
D:1:      psy_arrival_conway, layout_rooms, chequers_ecumenical_altar_lobes,
          minmay_door_square
D:2:      layout_loops_ring, uniq_jessica, uniq_crazy_yiuf_cottage
D:3:      layout_loops_corners, st_stairs_11
D:4:      layout_gridville, pf_just_have_faith
D:5:      lemuel_ice_spiral_2, layout_basic, kennysheep_little_box,
          ebering_ghost_disaster_area, minmay_fountain_box,
          grunt_decor_resistance
D:6:      layout_basic, minmay_misc_feat_plants
D:7:      layout_basic, amcnicky_altar_gilded, minmay_temple_entry_large_hall,
          uniq_menkaure
D:8:      layout_basic, erik_lair_orcish_takeover, chequers_jeans,
          minmay_fractal_squares_5, uniq_joseph
D:9:      layout_loops_ring, nzn_random_ring, uniq_pikel
Temple:   mainiacjoe_temple_coin_purse

Skill      XL: |  1  2  3  4  5  6  7  8  9 10 |
---------------+-------------------------------+-----
Spellcasting   | 5 6 7 |  7.6
Invocations    | 1 2 3 4 5 6 |  6.1
Fighting       | 1 2 3 4 5 |  5.5
Short Blades   | 1 2 3 4 5 |  5.5
Long Blades    | 1 2 3 4 5 |  5.5
Axes           | 1 2 3 4 5 |  5.5
Maces & Flails | 1 2 3 4 5 |  5.5
Polearms       | 1 2 3 4 5 |  5.5
Staves         | 1 2 3 4 5 |  5.5
Slings         | 1 2 3 4 5 |  5.5
Bows           | 1 2 3 4 5 |  5.5
Crossbows      | 1 2 3 4 5 |  5.5
Throwing       | 1 2 3 4 5 |  5.5
Armour         | 1 2 3 4 5 |  5.5
Shields        | 1 2 3 4 5 |  5.5
Unarmed Combat | 1 2 3 4 5 |  5.5
Evocations     | 1 2 3 4 5 |  5.5
Conjurations   | 1 2 3 4 |  4.6
Hexes          | 1 2 3 4 |  4.6
Summonings     | 1 2 3 4 |  4.6
Necromancy     | 1 2 3 4 |  4.6
Translocations | 1 2 3 4 |  4.6
Transmutations | 1 2 3 4 |  4.6
Fire Magic     | 1 2 3 4 |  4.6
Air Magic      | 1 2 3 4 |  4.6
Earth Magic    | 1 2 3 4 |  4.6
Poison Magic   | 1 2 3 4 |  4.6
Dodging        | 5 6 7 |  7.3
Stealth        | 5 6 7 |  7.0
Ice Magic      | 8 |  8.6

Action                   |  1- 3 |  4- 6 |  7- 9 | 10-12 || total
-------------------------+-------+-------+-------+-------++-------
Melee: Spear             |    30 |   155 |   205 |       ||   390
       Unarmed           |     3 |       |       |       ||     3
       Bite              |       |    15 |    21 |     8 ||    44
       Punch             |       |       |     2 |       ||     2
       Staff             |       |       |    63 |    71 ||   134
 Cast: Freeze            |    33 |     2 |     7 |     1 ||    43
       Frozen Ramparts   |     2 |    13 |    29 |    15 ||    59
       Ozocubu's Armour  |     1 |     8 |    22 |    12 ||    43
       Hailstorm         |       |       |     7 |     4 ||    11
  Use: Scroll            |       |     4 |     7 |     4 ||    15
       Potion            |       |       |     2 |       ||     2
 Stab: Sleeping          |     5 |     2 |     8 |       ||    15
       Paralysed         |       |       |     1 |     3 ||     4
       Distracted        |       |       |       |     1 ||     1
Armor: Robe              |     7 |    36 |    60 |    10 ||   113
Dodge: Dodged            |    26 |    75 |   203 |    48 ||   352
       Repelled          |       |       |     1 |     1 ||     2
Block: Other             |       |       |       |     8 ||     8

Table legend: (Time is in decaauts)
 A = Elapsed time spent in this place.
 B = Non-inter-level travel time spent in this place.
 C = Inter-level travel time spent in this place.
 D = Time resting spent in this place.
 E = Time spent auto-exploring this place.
 F = Levels seen in this place.
 G = Mean time per level.
                   A        B        C        D        E       F      G
               +--------+--------+--------+--------+--------+-----+--------+
         Total |  11341 |  11102 |    239 |     36 |   9547 |  10 | 1134.1 |
       Dungeon |  11290 |  11063 |    227 |     36 |   9523 |   9 | 1254.4 |
        Temple |     50 |     38 |     12 |      0 |     24 |   1 |   50.0 |
               +--------+--------+--------+--------+--------+-----+--------+

Top non-repeatable levels by time:
     D:8: 1986 daAuts
     D:7: 1665 daAuts
     D:5: 1524 daAuts
     D:3: 1468 daAuts
     D:2: 1361 daAuts
     D:6: 1291 daAuts
     D:4: 971 daAuts
     D:1: 865 daAuts
     D:9: 155 daAuts
  Temple: 50 daAuts
